[Event "Early-Titled-Tuesday-Blitz-June-18-2024"]
[Site "Chess.com"]
[Date "2024.06.18"]
[Round "9"]
[White "KoshkaMatrioshka"]
[Black "EvgenyBurmakin"]
[Result "1-0"]
[WhiteElo "2590"]
[BlackElo "2404"]
[TimeControl "180+1"]
[EndTime "9:47:01 PDT"]
[Termination "KoshkaMatrioshka won on time"]

1. c4 b6 2. Nf3 e6 3. g3 Bb7 4. Bg2 f5 5. O-O Nf6 6. Nc3 Bb4 7. d3 Bxc3 8. bxc3 O-O 9. a4 a5 10. c5 bxc5 11. Be3 d6 12. Qb3 Bd5 13. c4 Bc6 14. Ng5 Qd7 15. Rfb1 h6 16. Nf3 Na6 17. Nd2 Bxg2 18.
Kxg2 Rfb8 19. Qd1 Qc6+ 20. Kg1 Ng4 21. Nf1 Nxe3 22. Nxe3 Rxb1 23. Rxb1 Rb8 24. Rb5 Rb6 25. Qd2 Nb4 26. Nd1 Qb7 27. Rxa5 c6 28. Nc3 Na6 29.
Qf4 Qc7 30. Kg2 g5 31. Qe3 Kf7 32. h4 Kg6 33. hxg5 hxg5 34. Qd2 e5 35. Nd1 f4 36. Nc3 Qb7 37. Ne4 Qd7 38. f3 Nc7 39. Ra7 Qc8 40. Qe1 Ne8 41. Qh1 Rb7 42. Rxb7 Qxb7 43. Qh8 Ng7 44. Qd8 1-0

[Event "Early-Titled-Tuesday-Blitz-June-18-2024"]
[Site "Chess.com"]
[Date "2024.06.18"]
[Round "9"]
[White "FerAsensio2024"]
[Black "sirinbaba33"]
[Result "0-1"]
[WhiteElo "2507"]
[BlackElo "2394"]
[TimeControl "180+1"]
[EndTime "9:47:01 PDT"]
[Termination "sirinbaba33 won by resignation"]

1. d4 Nf6 2. Nc3 d5 3. Bf4 e6 4. Nb5 Na6 5. e3 Be7 6. Nf3 O-O 7. a3 Bd7 8. Ne5 Be8 9. g4 c5 10. c3 Ne4 11. a4 f6 12. Nf3 c4 13. h4 h6 14. Nd2 Nd6 15. g5 fxg5 16. hxg5 h5 17.
Rxh5 Bg6 18. Bh3 Nf5 19. Qg4 Qe8 20. Rh4 Rd8 21. Nf3 Nxh4 22. Qxh4 Bf5 23. Ne5 Nb8 24. Kd2 Nc6 25. Rh1 Nxe5 26. dxe5 Qg6 27. Nd4 Bxh3 28. Qxh3 Kf7 29. Qg4 Rh8 30. Rd1 Bc5 31.
Kc1 Ke7 32. Qg3 a6 33. Qf3 b5 34. a5 Bxd4 35. exd4 Rh4 36. Qe3 Rf8 37. Bg3 Re4 38.
Qd2 Rf3 39. Re1 Rd3 40. Qxd3 Rxe1+ 41. Qd1 Qxg5+ 42. Kc2 Qf5+ 43. Kd2 Rxd1+ 44. Kxd1 Qb1+ 45. Ke2 Qxb2+ 46. Kf3 Qxc3+ 47. Kg4 Qxd4+ 0-1

[Event "Early-Titled-Tuesday-Blitz-June-18-2024"]
[Site "Chess.com"]
[Date "2024.06.18"]
[Round "9"]
[White "teresin05"]
[Black "AndresDelgado77"]
[Result "0-1"]
[WhiteElo "2296"]
[BlackElo "2355"]
[TimeControl "180+1"]
[EndTime "9:47:01 PDT"]
[Termination "AndresDelgado77 won by checkmate"]

1. e4 e6 2. d4 d5 3. Nc3 Nf6 4.
Bg5 Bb4 5. e5 h6 6. Be3 Ne4 7.
Qg4 Kf8 8. a3 Bxc3+ 9. bxc3 c5 10.
Bd3 Qa5 11. Ne2 Nxc3 12. Bd2 cxd4 13. Qxd4 Nxe2 14. Bxe2 Nc6 15. Bxa5 Nxd4 16. Bb4+ Kg8 17. Bd3 a5 18. Bc5 Nc6 19. Bd6 f6 20. f4 Kf7 21.
O-O a4 22. Rab1 Na5 23. Rb4 Nc6 24. Rb6 Re8 25. Bb5 Rd8 26. Bxc6 bxc6 27. Rxc6 Rd7 28.
Rb6 Ba6 29. Rfb1 Bc4 30. R1b4 Rdd8 31. Kf2 Kg6 32. Ke3 Rdc8 33. c3 Bf1 34. Kf2 Bd3 35.
Rb2 Rxc3 36. Bb4 Rb3 37. Rd2 Be4 38. g3 Rc8 39. Ra6 Rc1 40. Rxa4 Rh1 41. Ke2 Rxh2+ 42. Kd1 Rb1# 0-1

[Event "Early-Titled-Tuesday-Blitz-June-18-2024"]
[Site "Chess.com"]
[Date "2024.06.18"]
[Round "9"]
[White "Mikhail_Golubev"]
[Black "FairChess_on_YouTube"]
[Result "0-1"]
[WhiteElo "2659"]
[BlackElo "3092"]
[TimeControl "180+1"]
[EndTime "9:47:03 PDT"]
[Termination "FairChess_on_YouTube won on time"]

1. e4 a5 2. a4 h5 3. e5 d6 4. exd6 Qxd6 5. Nf3 Nf6 6. d4 Bg4 7. h3 Bxf3 8. Qxf3 c6 9. c3 Nbd7 10. Bf4 Qd5 11. Nd2 e6 12. Bc4 Qxf3 13. Nxf3 Nd5 14. Bh2 g6 15. O-O-O Bh6+ 16. Kc2 N7b6 17. Bb3 Bf4 18. g3 Bc7 19. Ne5 Rd8 20. Rhe1 Kf8 21.
f4 Kg7 22. Rd2 Nf6 23. g4 hxg4 24. hxg4 Bxe5 25. fxe5 Nxg4 26. Bf4 Rh5 27. Rg2 Nh6 28. Bg5 Rxg5 29. Rxg5 Nf5 30. Rh1 Rc8 31. Kd2 c5 32.
Bc2 Nc4+ 33. Ke2 Ne7 34. b3 Nb6 35. Be4 cxd4 36. c4 Nd7 37. Bxb7 Rb8 38. Ba6 Rxb3 39. Bb5 Nc5 40. Kd2 Nf5 41. Kc1 d3 42. Rg2 Ne4 43.
Rgh2 d2+ 44. Kc2 Nd4+ 0-1

[Event "Early-Titled-Tuesday-Blitz-June-18-2024"]
[Site "Chess.com"]
[Date "2024.06.18"]
[Round "9"]
[White "MatthewG-p4p"]
[Black "pospisku"]
[Result "0-1"]
[WhiteElo "2813"]
[BlackElo "2546"]
[TimeControl "180+1"]
[EndTime "9:47:03 PDT"]
[Termination "pospisku won by resignation"]

1. f4 Nf6 2. Nf3 g6 3. g3 Bg7 4. Bg2 O-O 5. O-O d6 6. d3 c5 7.
Nc3 Nc6 8. e4 Rb8 9. a4 a6 10.
h3 b5 11. axb5 axb5 12. g4 b4 13. Ne2 c4 14. Ng3 cxd3 15. cxd3 Qb6+ 16. Kh2 b3 17. g5 Nd7 18. h4 Nc5 19. d4 Nd7 20. Be3 e5 21. Ne2 Ba6 22. dxe5 Qxe3 23. Rxa6 Rbc8 24. Bh3 Nc5 25. Bxc8 Rxc8 26. Ra1 Nxe4 27. Qe1 dxe5 28. Ng3 Qxe1 29. Raxe1 Nxg3 30. Kxg3 exf4+ 31. Kxf4 Bxb2 32. Rb1 Nb4 33. Rfd1 Rc2 34. Kg3 Kg7 35. Rd7 Nc6 36.
Rd2 Bc3 37. Rd3 b2 38. Kg4 Ne5+ 39. Nxe5 Bxe5 40. Rdd1 Rc3 41. Rg1 h5+ 42. gxh6+ Kxh6 43. h5 f5+ 44. Kh4 Bf6+ 0-1

[Event "Early-Titled-Tuesday-Blitz-June-18-2024"]
[Site "Chess.com"]
[Date "2024.06.18"]
[Round "9"]
[White "AljoschaFeuerstack"]
[Black "Brown_Bear_MGL"]
[Result "1/2-1/2"]
[WhiteElo "2650"]
[BlackElo "2513"]
[TimeControl "180+1"]
[EndTime "9:47:03 PDT"]
[Termination "Game drawn by repetition"]

1. e4 c6 2. c4 d5 3. cxd5 cxd5 4.
exd5 Nf6 5. Nc3 Nxd5 6. Nf3 Nc6 7. d4 Bg4 8. Qb3 Bxf3 9. gxf3 e6 10. Qxb7 Nxd4 11.
Bb5+ Nxb5 12. Qc6+ Ke7 13. Qxb5 Qd7 14. Nxd5+ Qxd5 15. Qe2 Rd8 16. O-O f6 17. Qe4 Kf7 18. Be3 Bc5 19. Bxc5 Qxc5 20. Rac1 Qe7 21. Rc6 Rd6 22. Rfc1 Rxc6 23. Rxc6 f5 24. Qe5 Rd8 25. Kg2 Qg5+ 26.
Qg3 Qxg3+ 27. Kxg3 Rd2 28. Rc7+ Kf6 29. Rb7 h6 30. h4 a5 31. a4 Rd4 32. b3 g5 33.
h5 g4 34. fxg4 Rxg4+ 35. Kf3 Rh4 36. Kg3 Rxh5 37. Rb5 Rg5+ 38. Kf3 Rh5 39. Rxa5 Rh3+ 40. Kg2 Rxb3 41. Ra8 Ra3 42. a5 Ke5 43. a6 Kf4 44. Rh8 Rxa6 45. Rxh6 Kg5 46. Rh8 e5 47. Rg8+ Kf4 48.
Rh8 Rg6+ 49. Kf1 e4 50. Ra8 Rb6 51. Kg2 Rg6+ 52. Kf1 Kf3 53. Ra3+ Kf4 54. Ra8 1/2-1/2

[Event "Early-Titled-Tuesday-Blitz-June-18-2024"]
[Site "Chess.com"]
[Date "2024.06.18"]
[Round "9"]
[White "AlexeiShirov"]
[Black "Evan_Attaker"]
[Result "0-1"]
[WhiteElo "2865"]
[BlackElo "2742"]
[TimeControl "180+1"]
[EndTime "9:47:04 PDT"]
[Termination "Evan_Attaker won by resignation"]

1. e4 d6 2. d4 Nf6 3. Nc3 g6 4.
f4 Bg7 5. Nf3 O-O 6. e5 dxe5 7.
fxe5 Nd5 8. Bc4 Nb6 9. Be2 c5 10. d5 Bg4 11. O-O N8d7 12. e6 fxe6 13. Ng5 Bxe2 14. Qxe2 Rxf1+ 15. Qxf1 Qf8 16. Qxf8+ Nxf8 17. Nxe6 Bxc3 18. bxc3 Nxd5 19. Nxf8 Rxf8 20. Bd2 Rd8 21. Rb1 b6 22. a4 Kf7 23. Kf2 Nf6 24. Be1 Rd5 25. a5 bxa5 26. Rb7 c4 27. Rxa7 Ng4+ 28. Kf3 Nxh2+ 29. Ke4 Rg5 30. g3 Ng4 31. Bd2 Re5+ 32. Kd4 Re2 33. Bg5 h6 34. Bf4 g5 35. Bc7 Rxc2 36.
Kxc4 h5 37. Bxa5 h4 38. gxh4 gxh4 39. Bb4 Re2 40. Kd3 Re1 41. Kd2 Re4 42. Kd3 Nf2+ 43.
Kd2 h3 44. Ra1 h2 0-1

[Event "Early-Titled-Tuesday-Blitz-June-18-2024"]
[Site "Chess.com"]
[Date "2024.06.18"]
[Round "9"]
[White "Iball95"]
[Black "Journey_to_GrandMaster_YT"]
[Result "1-0"]
[WhiteElo "2828"]
[BlackElo "2640"]
[TimeControl "180+1"]
[EndTime "9:47:04 PDT"]
[Termination "Iball95 won on time"]

1. e4 d6 2. d4 Nf6 3. Nc3 e5 4. dxe5 dxe5 5. Qxd8+ Kxd8 6. Bg5 c6 7. Nf3 Nd7 8.
O-O-O Ke8 9. Bh4 Bc5 10. Rd2 Bb6 11. Bc4 Bc7 12. a4 a6 13. Re1 b5 14. Ba2 h6 15.
Bg3 Nh5 16. Red1 Nxg3 17. hxg3 f6 18. Nh4 Nf8 19. Nf5 Bxf5 20. exf5 Ba5 21. Rd6 Bxc3 22. bxc3 Rc8 23. Be6 Nxe6 24. Rxe6+ Kf8 25. a5 Kg8 26.
Rd7 Kh7 27. Rxf6 Rhf8 28. Rg6 Rxf5 29. Rgxg7+ Kh8 30. Rh7+ Kg8 31. Rdg7+ Kf8 32. Ra7 Kg8 33. f3 Rg5 34. g4 Rg6 35. Rhe7 h5 36. gxh5 Rxg2 37.
Rxe5 Rf8 38. h6 Kh8 39. Re6 Rxf3 40. Rxc6 Rff2 41. Rc8+ Rg8 42. Rxg8+ Kxg8 43. Rxa6 Rf4 44. Kd2 Ra4 45. Ra7 Kh8 46. Ke3 Ra2 47. Kd4 Rxc2 48. a6 1-0

[Event "Early-Titled-Tuesday-Blitz-June-18-2024"]
[Site "Chess.com"]
[Date "2024.06.18"]
[Round "9"]
[White "LangesNasenhaar"]
[Black "Resourchess"]
[Result "0-1"]
[WhiteElo "2468"]
[BlackElo "2385"]
[TimeControl "180+1"]
[EndTime "9:47:04 PDT"]
[Termination "Resourchess won on time"]

1. Nf3 d6 2. e3 g6 3. d4 Bg7 4. b3 e5 5. Bb2 Nd7 6. Be2 Ne7 7. O-O O-O 8. c4 h6 9. Nc3 Kh7 10. b4 f5 11. a4 e4 12. Nd2 Nf6 13. d5 g5 14. Qc2 Ng6 15. Nb5 Qe7 16. Rad1 a6 17. Nd4 f4 18. Nxe4 Nxe4 19. Bd3 Bxd4 20. Bxe4 Bxb2 21.
Bxg6+ Kg7 22. exf4 Qf6 23. fxg5 hxg5 24. Rd3 Be5 25. Be4 Rh8 26. g3 Bg4 27. Qd2 Raf8 28. f3 Bh3 29. Rf2 Rh6 30. c5 Bf5 31. Qe3 Bxe4 32.
Qxe4 Qg6 33. Qxg6+ Rxg6 34. c6 b6 35. Kg2 Rh8 36. Re2 Rgh6 37. Kg1 Kf6 38. Rf2 Kf5 39. Re2 Rh3 40. Rd1 Bxg3 41. Rg2 Bf4 42. Kf1 Rxh2 43. Rd3 Rh1+ 44. Ke2 Ra1 0-1

[Event "Early-Titled-Tuesday-Blitz-June-18-2024"]
[Site "Chess.com"]
[Date "2024.06.18"]
[Round "9"]
[White "Zhigalko_Sergei"]
[Black "bascheyaro"]
[Result "1/2-1/2"]
[WhiteElo "2998"]
[BlackElo "2838"]
[TimeControl "180+1"]
[EndTime "9:47:06 PDT"]
[Termination "Game drawn by repetition"]

1. e4 e6 2. d4 d5 3. e5 c5 4. c3 Qb6 5. Nf3 Bd7 6. Be2 Bb5 7.
Bxb5+ Qxb5 8. a4 Qd7 9. O-O a6 10. Re1 Nc6 11. dxc5 Bxc5 12. Be3 Bxe3 13. Rxe3 Nge7 14.
Nbd2 O-O 15. Nb3 Qc7 16. Nbd4 Rac8 17. Qd3 Nxd4 18. Nxd4 Qc4 19. Qd2 Nc6 20. b3 Qc5 21. Nf3 Rfd8 22. Rd1 h6 23. h4 b5 24. axb5 Qxb5 25.
Nd4 Nxd4 26. cxd4 Qc6 27. Ra1 Rd7 28. Rg3 Kh8 29. Qf4 Rb7 30. Qg4 Rg8 31. Qf4 Rgb8 32. Qg4 Rg8 33. Qe2 Rb6 34. Kh2 Qb7 35. Qf3 Rb4 36. Rd1 a5 37. Rd3 Qe7 38. Qf4 f5 39. Rg6 Kh7 40. Rdg3 Qf7 41. h5 Rb6 42. Qd2 Rb4 43.
Qf4 Qe7 44. Kh3 Qf7 45. Kh2 1/2-1/2

[Event "Early-Titled-Tuesday-Blitz-June-18-2024"]
[Site "Chess.com"]
[Date "2024.06.18"]
[Round "9"]
[White "PLAYER_2006_M"]
[Black "monomita"]
[Result "1-0"]
[WhiteElo "2969"]
[BlackElo "2804"]
[TimeControl "180+1"]
[EndTime "9:47:06 PDT"]
[Termination "PLAYER_2006_M won by resignation"]

1. e4 e6 2. d4 d5 3. exd5 exd5 4. Nf3 Nf6 5. Bd3 Bd6 6. Qe2+ Qe7 7. Qxe7+ Kxe7 8. O-O Re8 9. b3 Kf8 10. h3 Nc6 11. a3 Ne7 12. Bg5 Ne4 13. Bxe7+ Rxe7 14. c4 c6 15. Nfd2 Bf5 16. Nxe4 Bxe4 17. Bxe4 Rxe4 18.
cxd5 cxd5 19. Nc3 Rxd4 20. Nb5 Bc5 21. b4 a6 22. Nxd4 Bxd4 23. Rad1 Bb2 24. Rxd5 Bxa3 25. Rb1 Rc8 26. Rd7 b6 27. Ra7 a5 28. bxa5 bxa5 29.
Rbb7 Ke8 30. Rxf7 Rc1+ 31. Kh2 Bc5 32. Rab7 Bd4 33. Rfe7+ Kf8 34. Red7 Be5+ 35. g3 Rc8 36. Rf7+ Kg8 37. Rfe7 Bd4 38. Red7 Bc3 39. Rbc7 Rxc7 40. Rxc7 Bb4 41. Kg2 h5 42. f4 Kh7 43. Rc6 Bd2 44.
Ra6 h4 45. g4 Bxf4 46. Rxa5 g6 47. Kf3 Bd2 48. Rd5 Bc1 49. Rd1 Bg5 50. Ke4 Kh6 51.
Ke5 Be3 52. Kf6 Bg5+ 53. Kf7 Bf4 54. Rd5 Be3 55. Re5 Bd4 56. Re4 Bc3 57. Rc4 Bb2 58.
Rc5 Bd4 59. Rc6 Bb2 60. Rxg6+ Kh7 61. Rg5 1-0

[Event "Early-Titled-Tuesday-Blitz-June-18-2024"]
[Site "Chess.com"]
[Date "2024.06.18"]
[Round "9"]
[White "DominguezOnYoutube"]
[Black "Attacker_2006"]
[Result "1-0"]
[WhiteElo "2919"]
[BlackElo "2529"]
[TimeControl "180+1"]
[EndTime "9:47:08 PDT"]
[Termination "DominguezOnYoutube won by checkmate"]

1. e4 c5 2. Nf3 e6 3. d4 cxd4 4. Nxd4 Nf6 5. Nc3 Nc6 6. Nxc6 bxc6 7. e5 Nd5 8. Ne4 Qc7 9. f4 Rb8 10. c4 Bb4+ 11. Ke2 O-O 12. a3 Be7 13. cxd5 cxd5 14. Ng5 f6 15. Nf3 fxe5 16. Nxe5 Ba6+ 17. Ke1 Bxf1 18.
Rxf1 d6 19. Nf3 Bf6 20. Rf2 Qc6 21. Kf1 e5 22. Kg1 d4 23. fxe5 dxe5 24. Re2 Rbe8 25.
Bg5 Qd5 26. Bxf6 gxf6 27. Qd3 Kh8 28. Rae1 Qf7 29. Nh4 Rb8 30. b4 Ra8 31. Rf1 Rac8 32. h3 Rc3 33. Qe4 Qg7 34. Nf5 Qg5 35. Kh2 Rxa3 36.
Ref2 Qg6 37. Qc6 Rg8 38. Kh1 d3 39. Ne7 Qe8 40. Qxf6+ Rg7 41. Qxe5 h6 42. Rf8+ Kh7 43. Rxe8 d2 44. Qe4+ Rg6 45. Qxg6# 1-0

[Event "Early-Titled-Tuesday-Blitz-June-18-2024"]
[Site "Chess.com"]
[Date "2024.06.18"]
[Round "9"]
[White "GOGIEFF"]
[Black "Aygehovit1992"]
[Result "1/2-1/2"]
[WhiteElo "2999"]
[BlackElo "2809"]
[TimeControl "180+1"]
[EndTime "9:47:08 PDT"]
[Termination "Game drawn by repetition"]

1. d4 Nf6 2. c4 g6 3. Nc3 Bg7 4.
e4 d6 5. Be2 O-O 6. Bg5 Na6 7.
Nf3 c6 8. O-O Nc7 9. e5 Ng4 10.
h3 Nh6 11. Qc1 Nf5 12. g4 dxe5 13. gxf5 exd4 14. Rd1 Bxf5 15. Bf1 dxc3 16. bxc3 Qe8 17. Bh6 e5 18. Bxg7 Kxg7 19. Qe3 f6 20. Nh4 Be6 21. Rab1 b6 22. Nf3 Rd8 23. Nxe5 Rxd1 24. Rxd1 Bxh3 25. Qxh3 Qxe5 26. Rd7+ Rf7 27. Rxf7+ Kxf7 28. Qxh7+ Ke6 29. Bg2 Kd6 30. Qxg6 Qxc3 31. Qf7 Qa1+ 32. Bf1 Qe5 33. Qf8+ Qe7 34. Qb8 Qe5 35. Qxa7 Qd4 36. Qa3+ Qc5 37. Qd3+ Ke7 38. Bh3 Qg5+ 39. Kf1 Qc1+ 40. Ke2 Qb2+ 41.
Kf3 Ne6 42. Qe4 Qe5 43. Qxe5 fxe5 44. Bxe6 Kxe6 45. c5 b5 46. Ke4 Kf6 47. a3 Ke6 48.
f3 Kf6 49. f4 exf4 50. Kxf4 Ke6 51. Ke4 Kf6 52. Kf4 Ke6 53. Ke4 Kf6 54. Kf4 1/2-1/2

[Event "Early-Titled-Tuesday-Blitz-June-18-2024"]
[Site "Chess.com"]
[Date "2024.06.18"]
[Round "9"]
[White "Rsnr"]
[Black "zimmm36"]
[Result "0-1"]
[WhiteElo "2895"]
[BlackElo "2803"]
[TimeControl "180+1"]
[EndTime "9:47:09 PDT"]
[Termination "zimmm36 won on time"]

1. d4 Nf6 2. c4 g6 3. Nf3 Bg7 4. g3 O-O 5. Bg2 d6 6. O-O Bf5 7. Ng5 Nc6 8. e4 Bg4 9. f3 Bd7 10. d5 Na5 11. Qc2 c5 12. Be3 b5 13. cxb5 Bxb5 14.
Rc1 Nc4 15. Bf2 Ne5 16. Nc3 Ba6 17. Rd1 Rb8 18. Rab1 Nfd7 19. Nh3 c4 20. Bxa7 Nd3 21. Nf2 Ra8 22. Be3 N7c5 23. Bf1 Qc7 24. h4 Rfc8 25.
Kg2 Rab8 26. h5 Qb7 27. h6 Bh8 28. Qd2 Nxb2 29. Bd4 Qb4 30. Bxh8 Kxh8 31. Qd4+ f6 32. Ng4 Nd7 33. Rd2 Qa3 34. Ne3 Nd3 35. Rxb8 Nxb8 36. Rc2 Nb4 37. Rd2 Nd3 38. Kh3 Nd7 39. Rc2 N7e5 40. f4 Nf3 41. Qa7 Re8 42. Qd7 Bc8 43.
Qxc8 Rxc8 0-1

[Event "Early-Titled-Tuesday-Blitz-June-18-2024"]
[Site "Chess.com"]
[Date "2024.06.18"]
[Round "9"]
[White "Cheer_Down"]
[Black "mangochessgo"]
[Result "0-1"]
[WhiteElo "2452"]
[BlackElo "2677"]
[TimeControl "180+1"]
[EndTime "9:47:09 PDT"]
[Termination "mangochessgo won by resignation"]

1. e4 Nf6 2. e5 Nd5 3. c4 Nb6 4. d4 d6 5. f4 dxe5 6. fxe5 Bf5 7. Nc3 e6 8. Be3 Be7 9. Nf3 O-O 10. Be2 Nc6 11.
O-O f6 12. exf6 Bxf6 13. Qd2 h6 14. Rad1 Qd7 15. Kh1 Rad8 16. c5 Nd5 17. Bg1 Kh8 18.
Bc4 a6 19. Rde1 Ndb4 20. Ne4 Nd5 21. Nxf6 Rxf6 22. Nh4 Rdf8 23. h3 g5 24. Nxf5 exf5 25. Qe2 f4 26. Qh5 b5 27. cxb6 cxb6 28. Bxa6 Ncb4 29.
Bc4 Nc2 30. Re5 Nce3 31. Bxd5 Nxf1 32. Rxg5 Ng3+ 33. Rxg3 fxg3 34. Be4 Qe8 35. Qe2 Re6 36. Qd2 Rxe4 37. Qxh6+ Kg8 38. Qg5+ Kh7 39. Qxg3 Rf1 40. Kh2 Qg6 41. Qc7+ Rf7 42. Qd8 Re2 43. Qh4+ Kg8 44. Qd8+ Kg7 0-1

[Event "Early-Titled-Tuesday-Blitz-June-18-2024"]
[Site "Chess.com"]
[Date "2024.06.18"]
[Round "9"]
[White "IlanSchnaider"]
[Black "sansanathalia"]
[Result "1-0"]
[WhiteElo "2800"]
[BlackElo "2453"]
[TimeControl "180+1"]
[EndTime "9:47:09 PDT"]
[Termination "IlanSchnaider won by resignation"]

1. d4 Nf6 2. Nf3 e6 3. c4 d5 4. g3 Be7 5. Bg2 O-O 6. O-O dxc4 7. Qc2 a6 8. a4 Bd7 9. Qxc4 Bc6 10. Bg5 Bd5 11.
Qc2 Be4 12. Qc1 Nbd7 13. Nc3 Bc6 14. Rd1 Nd5 15. Bxe7 Qxe7 16. a5 Rfd8 17. Nd2 Nxc3 18. bxc3 Bxg2 19. Kxg2 c5 20. Qb2 cxd4 21. cxd4 Nf6 22.
Rab1 Rab8 23. e3 Rd5 24. Qb6 h6 25. Nc4 Rdd8 26. Ne5 Nd5 27. Qb3 Qc7 28. Rdc1 Qxa5 29. Rc5 Qd2 30. Nf3 Nxe3+ 31. Qxe3 Qxe3 32. fxe3 b5 33. Ne5 Rb6 34. Ra1 Ra8 35. Ra5 b4 36.
Nc4 b3 37. Nb2 Rab8 38. Rc3 f6 39. Kf3 Rd6 40. Ke2 e5 41. dxe5 fxe5 42. Rxe5 Rbd8 43.
Rxb3 Rd2+ 44. Kf3 Rxh2 45. Rb7 Rf8+ 46. Ke4 Rg2 47. Nd3 Rxg3 48. Nf4 Rg4 49. Ree7 h5 50. Kf3 Rg5 51. Ke2 h4 52. Ne6 Rg3 53. Kd3 h3 54. Rxg7+ Rxg7 55. Rxg7+ Kh8 56. Rg3 Rf6 57. Rxh3+ Kg8 58.
Nd4 Rd6 59. Rh5 Kf7 60. Ra5 Kf6 61. Ke4 Rb6 62. Kd5 Ke7 63. e4 Rh6 64. Nf5+ 1-0

[Event "Early-Titled-Tuesday-Blitz-June-18-2024"]
[Site "Chess.com"]
[Date "2024.06.18"]
[Round "9"]
[White "pineapplehhh"]
[Black "glucolisis04"]
[Result "1-0"]
[WhiteElo "2119"]
[BlackElo "2271"]
[TimeControl "180+1"]
[EndTime "9:47:11 PDT"]
[Termination "pineapplehhh won on time"]

1. e4 c5 2. Nf3 Nc6 3. d4 cxd4 4. Nxd4 Nf6 5. Nc3 e5 6. Ndb5 d6 7. Bg5 a6 8. Bxf6 gxf6 9. Na3 b5 10. Nd5 Bg7 11.
c3 f5 12. exf5 Bxf5 13. Nc2 O-O 14. Nce3 Be6 15. Bd3 f5 16. Qh5 e4 17. Bc2 Kh8 18.
O-O Ne5 19. Rad1 f4 20. Bxe4 h6 21. Nf5 Qe8 22. Qxe8 Raxe8 23. Nxd6 Rd8 24. Nb7 Rd7 25. Nc5 Rd6 26. Nb4 Rxd1 27. Rxd1 Bc4 28. b3 Bf7 29. f3 Ng6 30. Nbxa6 Re8 31. Nb4 Bxc3 32. Nc6 b4 33. Rd7 Rc8 34. Rxf7 Ne5 35. Nxe5 Rxc5 36. Ng6+ Kg8 37. Ra7 Bd4+ 38. Kf1 Rc1+ 39. Ke2 Rg1 40. Ra8+ Kg7 41. Nxf4 Ra1 42. Ne6+ Kf6 43.
Nxd4 Rg1 44. g4 Rg2+ 45. Kd3 Rb2 46. Kc4 Kg5 47. Kxb4 1-0

[Event "Early-Titled-Tuesday-Blitz-June-18-2024"]
[Site "Chess.com"]
[Date "2024.06.18"]
[Round "9"]
[White "Acva-Alenok"]
[Black "cmunda"]
[Result "1-0"]
[WhiteElo "2384"]
[BlackElo "2187"]
[TimeControl "180+1"]
[EndTime "9:47:12 PDT"]
[Termination "Acva-Alenok won by resignation"]

1. d4 e6 2. c4 b6 3. Nf3 Bb7 4. g3 f5 5. Bg2 Nf6 6. O-O Be7 7. Nc3 O-O 8. d5 Qe8 9. Nd4 Ng4 10. d6 Bxg2 11.
dxe7 Qh5 12. exf8=Q+ Kxf8 13. h4 Bxf1 14. Qxf1 e5 15.
Qg2 c6 16. Nf3 Na6 17. b3 Re8 18. Ba3+ Kg8 19. Rd1 Nb8 20. Nh2 Nf6 21. Bd6 e4 22. Nf1 Na6 23. Ne3 Nc5 24. Bxc5 bxc5 25. Qh3 Re5 26.
Rd2 g5 27. Nxf5 g4 28. Qg2 Qxf5 29. Nd1 Re7 30. Ne3 Qe5 31. Qf1 d5 32. cxd5 cxd5 33. Qc1 d4 34. Nc4 Qd5 35. Rc2 e3 36. fxe3 Ne4 37.
exd4 Nxg3 38. Qg5+ Qxg5 39. hxg5 Nxe2+ 40. Rxe2 Rxe2 41. dxc5 Rxa2 42. c6 Rc2 43. c7 Rc1+ 44. Kg2 1-0

[Event "Early-Titled-Tuesday-Blitz-June-18-2024"]
[Site "Chess.com"]
[Date "2024.06.18"]
[Round "9"]
[White "topce"]
[Black "karinachess1"]
[Result "0-1"]
[WhiteElo "2522"]
[BlackElo "2667"]
[TimeControl "180+1"]
[EndTime "9:47:13 PDT"]
[Termination "karinachess1 won by resignation"]

1. c4 e6 2. Nc3 d5 3. d4 Nf6 4. cxd5 exd5 5. Bg5 c6 6. e3 Be7 7. Bd3 Nbd7 8. Nge2 h6 9. Bh4 Nh5 10. Bxe7 Qxe7 11. Qc2 Nb6 12. O-O-O Bd7 13. Kb1 O-O-O 14. Rc1 Kb8 15. h3 Nf6 16. Qb3 Rhe8 17. a4 Nc8 18.
a5 Nd6 19. Na4 Nfe4 20. Bxe4 Nxe4 21. Rc2 Nxf2 22. Rf1 Ne4 23. Ka1 Ka8 24. Nb6+ Kb8 25. Na4 Nd6 26. Rc3 Nc4 27. Nc5 Bc8 28. Rd1 Ka8 29.
Rdd3 Qf6 30. Nf4 g5 31. Nh5 Qf1+ 32. Ka2 Qxg2 33. Rxc4 dxc4 34. Qxc4 Qd5 35. Qxd5 cxd5 36. Nf6 Re7 37. Rc3 Bxh3 38. e4 Be6 39. exd5 Bxd5+ 40. Nxd5 Rxd5 41. b4 Rd8 42. b5 g4 43. a6 bxa6 44. bxa6 Rg8 45. Na4 g3 46. Rc1 g2 47. Rg1 h5 48.
Nc5 h4 49. Nd3 h3 50. Nf4 h2 51. Rxg2 Rxg2+ 52. Nxg2 h1=Q 53. Ne3 Rxe3 54. Kb2 Qg2+ 0-1

[Event "Early-Titled-Tuesday-Blitz-June-18-2024"]
[Site "Chess.com"]
[Date "2024.06.18"]
[Round "9"]
[White "Sanan_Sjugirov"]
[Black "c63_amg"]
[Result "1-0"]
[WhiteElo "2951"]
[BlackElo "2809"]
[TimeControl "180+1"]
[EndTime "9:47:15 PDT"]
[Termination "Sanan_Sjugirov won on time"]

1. d4 Nf6 2. Bg5 e6 3. e3 d6 4. Nd2 Nbd7 5. Bd3 Be7 6. Ngf3 O-O 7. O-O h6 8. Bh4 Nh5 9. Bxe7 Qxe7 10. Re1 b6 11. a4 a5 12. c3 Bb7 13. e4 Nf4 14. Bf1 e5 15. g3 Ne6 16. Bg2 Ba6 17. Qc2 Qf6 18. d5 Nec5 19. Re3 Bc8 20. b4 Na6 21.
Rb1 Qe7 22. Ree1 Bb7 23. Nc4 axb4 24. cxb4 Rfc8 25. Ne3 c6 26. dxc6 Bxc6 27. Nd2 Nf6 28. Qb3 Bd7 29. Rbc1 Be6 30. Qb1 Qd7 31. Ndc4 Rab8 32.
b5 Nc5 33. Red1 Qa7 34. Nxd6 Rd8 35. Ndc4 Rxd1+ 36. Rxd1 Qxa4 37. Nxe5 Ncxe4 38. Qa1 Qxb5 39. Rb1 Qe2 40. Rb2 Qh5 41. f4 Rd8 42. Bf3 Qh3 43. Bg2 Qh5 44. Bf3 Qh3 45. Qe1 Nd5 46. Bg2 Qh5 47.
Bf3 Qh3 48. Nxd5 Bxd5 49. Bg4 1-0

[Event "Early-Titled-Tuesday-Blitz-June-18-2024"]
[Site "Chess.com"]
[Date "2024.06.18"]
[Round "9"]
[White "Gyulamiryan-koryun"]
[Black "WiktoriaPOL"]
[Result "0-1"]
[WhiteElo "1624"]
[BlackElo "2400"]
[TimeControl "180+1"]
[EndTime "9:47:15 PDT"]
[Termination "WiktoriaPOL won by resignation"]

1. d4 Nf6 2. c4 g6 3. Nc3 Bg7 4. e4 d6 5. h3 O-O 6. Be3 e5 7. Nf3 exd4 8. Nxd4 Re8 9. Qc2 c6 10. g3 d5 11. cxd5 cxd5 12. exd5 Nxd5 13. Nxd5 Qxd5 14. Rg1 Bxd4 15. O-O-O Bxe3+ 16. fxe3 Qxa2 17. Bc4 Qa1+ 18. Kd2 Qa5+ 19. Kc1 Bf5 20. Qb3 Qc5 21.
Rge1 Nd7 22. Rd5 Qc7 23. Rxf5 gxf5 24. Kb1 Ne5 25. Bd5 Rad8 26. e4 Qb6 27. Qc3 Ng6 28.
h4 fxe4 29. Bxe4 Qd4 30. Qf3 Rxe4 31. Rxe4 Qd1+ 32. Qxd1 Rxd1+ 33. Kc2 Rd7 34. Re8+ Kg7 35. h5 Ne7 36. g4 h6 37. Kc3 Nc6 38. Kc4 b6 39. Kb5 Nd4+ 40. Ka6 Ne6 41. b4 Nc7+ 42. Kxa7 Nxe8+ 43. Kxb6 Rd4 44. Kc6 Rxb4 45. Kd5 Rxg4 46. Ke5 Rg5+ 47. Kf4 Rxh5 0-1

[Event "Early-Titled-Tuesday-Blitz-June-18-2024"]
[Site "Chess.com"]
[Date "2024.06.18"]
[Round "9"]
[White "Rodalquilar"]
[Black "Anton_Demchenko"]
[Result "1-0"]
[WhiteElo "2832"]
[BlackElo "2966"]
[TimeControl "180+1"]
[EndTime "9:47:16 PDT"]
[Termination "Rodalquilar won on time"]

1. d4 Nf6 2. Nf3 d6 3. Nc3 Bf5 4. e4 Nxe4 5. Qd3 Ng3 6. Qb5+ c6 7.
Qxb7 Nxh1 8. Qxa8 g6 9. Qxa7 Bg7 10. Be3 O-O 11. O-O-O Nd7 12. Be2 Nxf2 13. Bxf2 Nf6 14. h3 h5 15. Bd3 Bxd3 16. Rxd3 Re8 17. Kb1 Qc8 18. Re3 Nd7 19. Re1 c5 20. Nd5 e6 21.
Nb6 Nxb6 22. Qxb6 Rd8 23. dxc5 dxc5 24. Bxc5 Rd5 25. Bd4 Bxd4 26. Nxd4 Qc4 27. Nb3 Kg7 28. Qf2 Kg8 29. a3 h4 30. Qe2 Qa4 31. Qe4 Rd1+ 32. Ka2 Qxe4 33. Rxe4 g5 34. a4 Rg1 35. a5 Rxg2 36.
a6 Rxc2 37. a7 Rc8 38. Rb4 Kg7 39. Rb8 Rc6 40. a8=Q Rd6 41. Rg8+ Kf6 42. Qa5 Rd5 43. Qc3+ Kf5 44. Nd4+ Kf4 45. Ne2+ Ke4 46. Qc4+ Ke3 47. Nc3 Rd4 48. Qe2+ Kf4 49. Qf2+ Ke5 50. Rxg5+ f5 51. Qe3+ Kf6 52. Qxd4+ Kxg5 53. Ne2 e5 54. Qxe5 Kh5 55.
Qxf5+ Kh6 56. Qg4 Kh7 57. Qg5 1-0